 Dungeon Crawl Stone Soup version 0.23-a0-767-gdc19b93d68 (webtiles) character file.

168 Esekla the Magician (level 5, -4/35 HPs)
             Began as an Octopode Wanderer on Jan 23, 2019.
             Was an Initiate of Makhleb.
             Slain by an orc
             ... wielding a +0 trident
              (9 damage)
             ... on level 3 of the Dungeon.
             The game lasted 00:14:28 (1466 turns).

Esekla the Magician (Octopode Wanderer)             Turns: 1466, Time: 00:14:28

Health: -4/35      AC:  1    Str: 12    XL:     5   Next: 48%
Magic:  8/9        EV: 13    Int: 14    God:    Makhleb [......]
Gold:   114        SH:  4    Dex: 12    Spells: 6/10 levels left

rFire    . . .     SeeInvis .   e - +0 dagger
rCold    . . .     Gourm    .   k - +0 buckler
rNeg     . . .     Faith    .   (helmet restricted)
rPois    .         Spirit   .   (no amulet)
rElec    .         Reflect  .   b - ring of stealth
rCorr    .         Harm     .   (no ring)
MR       .....                  (no ring)
Stlth    ++++......             (no ring)
HPRegen  0.11/turn              (no ring)
MPRegen  0.11/turn              (no ring)
                                (no ring)
                                (no ring)

@: no status effects
A: almost no armour, stealthy swim, amphibious, 8 rings, constrict 8, camouflage
1, gelatinous body 1
a: Renounce Religion


You were on level 3 of the Dungeon.
You worshipped Makhleb.
Makhleb was noncommittal.
You were not hungry.

You visited 1 branch of the dungeon, and saw 3 of its levels.

You collected 114 gold pieces.

Inventory:

Hand Weapons
 e - a +0 dagger (weapon)
Missiles
 a - 2 throwing nets
 r - 3 javelins (quivered)
Armour
 k - a +0 buckler (worn)
Jewellery
 b - a ring of stealth (left tentacle)
Scrolls
 c - 4 scrolls of identify {unknown}
 d - a scroll of blinking {unknown}
 g - 2 scrolls of enchant armour {unknown}
 h - 2 scrolls of remove curse {unknown}
 i - a scroll of fear {unknown}
 m - 2 scrolls of teleportation {unknown}
 o - a scroll of noise {unknown}
Potions
 j - a potion of brilliance {unknown}
 l - a potion of might {unknown}
 n - a potion of heal wounds {unknown}
 p - a potion of curing {unknown}
 q - 2 potions of flight {unknown}
Comestibles
 f - a ration


   Skills:
 * Level 2.5 Fighting
 + Level 1.2 Short Blades
   Level 1.0 Polearms
 + Level 2.7 Dodging
 - Level 2.6 Stealth
 * Level 1.9 Shields
 - Level 3.0 Spellcasting
 * Level 1.5 Conjurations
   Level 1.0 Hexes
 * Level 1.0 Air Magic
 + Level 1.8 Poison Magic


You had 6 spell levels left.
You knew the following spells:

 Your Spells              Type           Power        Failure   Level  Hunger
a - Sting                 Conj/Pois      #...         14%         1    #......
c - Mephitic Cloud        Conj/Pois/Air  #.......     41%         3    ###....

Your spell library contained the following spells:

 Spells                   Type           Power        Failure   Level  Hunger
 Beastly Appendage        Tmut           #.....       26%         1    #......
 Summon Butterflies       Summ           #.......     26%         1    #......
 Sticks to Snakes         Tmut           #.......     38%         2    ##.....
 Spider Form              Tmut/Pois      #.........   50%         3    ###....
 Recall                   Summ/Tloc      N/A          63%         3    ###....
 Ice Form                 Ice/Tmut       #.......     95%         4    #####..
 Blade Hands              Tmut           #.........   100%        5    ######.


Dungeon Overview and Level Annotations

Branches:
Dungeon (3/15)

Altars:
Hepliaklqana
Makhleb


Innate Abilities, Weirdness & Mutations

You cannot wear most types of armour.
You are very stealthy in the water. (Stealth+)
You are amphibious.
You can wear up to eight rings at the same time.
You can use your tentacles to constrict eight enemies at once.
Your skin changes colour to match your surroundings (Stealth+).
Your rubbery body absorbs attacks. (AC +1, EV +1)


Message History

The orc hits you with a +0 club.
Casting: Sting (safe; 14% risk of failure)
Confirm with . or Enter, or press ? or * to list all spells.
Aiming: Sting (safe; 14% risk of failure)
Press: ? - help, Shift-Dir - straight line, f - adder
Aim: an adder The sting misses the orc. x2; The sting hits the adder.
The adder is moderately wounded.
The orc hits you from afar with a +0 trident.
The orc barely misses you.
You hit the orc. Your grab misses the orc.
The orc is lightly wounded.
The orc hits you from afar with a +0 trident!
* * * LOW HITPOINT WARNING * * *
You hit the orc but do no damage. Your grab misses the orc.
The orc is lightly wounded.
The orc hits you with a +0 club.
* * * LOW HITPOINT WARNING * * *
The orc hits you from afar with a +0 trident!
You die...

#.# ##.....## ##.##
##.......##
#####...####.........#
...........+.........+
#####...####.........#
#...## ##.......##
#.### ##.....## #.#
##...## #.# ##@## #.#
#o# #.. #o# #.# #S#
#..


ooo ... ... ...## You could see an adder and 5 orcs.

Vanquished Creatures
  Jessica (D:2)
  4 gnolls (D:2)
  3 adders
  An ooze (D:1)
  A worm (D:2)
  4 dart slugs
  2 leopard geckos
  8 orcs (D:3)
  A ball python (D:3)
  7 bats
  2 giant cockroaches
  4 goblins
  2 hobgoblins (D:1)
  2 jackals (D:2)
  2 quokkas (D:2)
  2 frilled lizards
  2 kobolds (D:1)
  5 rats
53 creatures vanquished.

Notes
Turn   | Place    | Note
-------+----------+-------------------------------------------
     0 | D:1      | Esekla the Octopode Wanderer began the quest for the Orb.
     0 | D:1      | Esekla set off with the following items: 2 throwing nets, a
                  | +0 club, a +0 dagger, a ration; and the following spells
                  | available to memorise: Sting, Summon Butterflies, Mephitic
                  | Cloud, Recall
     0 | D:1      | Reached XP level 1. HP: 11/11 MP: 4/4
     4 | D:1      | Learned a level 1 spell: Sting
   150 | D:1      | Reached skill level 1 in Fighting
   155 | D:1      | Reached XP level 2. HP: 14/18 MP: 3/6
   283 | D:1      | Reached XP level 3. HP: 20/24 MP: 7/7
   624 | D:2      | Noticed Jessica
   643 | D:2      | Killed Jessica
   643 | D:2      | Reached XP level 4. HP: 29/29 MP: 8/8
   650 | D:2      | Reached skill level 1 in Shields
   667 | D:2      | Reached skill level 1 in Conjurations
   730 | D:1      | Learned a level 3 spell: Mephitic Cloud
   904 | D:2      | Found a hazy altar of Hepliaklqana.
   945 | D:2      | Reached skill level 1 in Short Blades
   954 | D:2      | Reached XP level 5. HP: 35/35 MP: 4/9
  1300 | D:2      | Found a burning altar of Makhleb.
  1309 | D:2      | Became a worshipper of Makhleb the Destroyer
  1395 | D:3      | Reached skill level 1 in Air Magic
  1466 | D:3      | Slain by an orc

Vault maps used:
D:1:      scummos_arrival_checkerplants, minmay_tetromino_t4
D:2:      lemuel_crystal_altar, marbit_many_paths, uniq_jessica
D:3:      uniq_grinder

Skill      XL: |  1  2  3  4  5 |
---------------+----------------+-----
Fighting       | 1 2 |  2.5
Shields        | 1 |  1.9
Conjurations   | 1 |  1.5
Short Blades   | 1 |  1.2
Air Magic      | 1 |  1.0
Polearms       | |  1.0
Dodging        | |  2.7
Stealth        | |  2.6
Spellcasting   | |  3.0
Hexes          | |  1.0
Poison Magic   | |  1.8

Action                   |  1- 3 |  4- 6 || total
-------------------------+-------+-------++-------
Melee: Dagger            |    33 |    86 ||   119
       Constrict         |     9 |    18 ||    27
       Tentacles         |     4 |    17 ||    21
 Cast: Sting             |     7 |    11 ||    18
 Stab: Sleeping          |     7 |     5 ||    12
  Eat: Ration            |       |     1 ||     1
Armor: Skin              |     2 |     7 ||     9
Dodge: Dodged            |    12 |    51 ||    63
Block: Buckler           |     3 |    11 ||    14

Table legend:
 A = Non-vault XP
 B = Vault XP
 C = Vault XP percentage of total XP
 D = Non-vault monster count
 E = Vault monster count
 F = Vault count percentage of total count
                 A         B        C        D         E       F
            +---------+---------+-------+---------+---------+-------
      Total |     198 |      42 |  17.5 |      49 |       4 |   7.5
            +---------+---------+-------+---------+---------+-------
        D:1 |      55 |       3 |   5.2 |      18 |       2 |  10.0
        D:2 |     115 |      39 |  25.3 |      21 |       2 |   8.7
        D:3 |      28 |       0 |   0.0 |      10 |       0 |   0.0
            +---------+---------+-------+---------+---------+-------
